 Dungeon Crawl Stone Soup version 0.28.0-47-ge53b351184 (webtiles) character file.

Game seed: 15356617706589182469

23 Exodus22XD the Covered (level 2, 0/27 HPs)
             Began as a Minotaur Fighter on May 8, 2022.
             Slain by a gnoll
             ... wielding a +0 spear
              (2 damage)
             ... on level 2 of the Dungeon.
             The game lasted 00:00:41 (857 turns).

Exodus22XD the Covered (Minotaur Fighter)            Turns: 857, Time: 00:00:41

Health: 0/27       AC:  7    Str: 20    XL:     2   Next: 72%
Magic:  1/1        EV:  9    Int:  5    God:
Gold:   20         SH:  4    Dex:  9    Spells: 1/1 levels left

rFire   . . .      SeeInvis .   a - +0 war axe
rCold   . . .      Faith    .   c - +0 buckler
rNeg    . . .      Spirit   .   b - +0 scale mail
rPois   .          Reflect  .   (helmet restricted)
rElec   .          Harm     .   (no cloak)
rCorr   .          Rampage  .   (no gloves)
Will    .....                   (no boots)
Stlth   ..........              (no amulet)
HPRegen 0.09/turn               (no ring)
MPRegen 0.07/turn               (no ring)

@: no status effects
A: horns 2, retaliatory headbutt
a: no special abilities


You were on level 2 of the Dungeon.
You visited 1 branch of the dungeon, and saw 2 of its levels.

You collected 20 gold pieces.

Inventory:

Hand Weapons
 a - a +0 war axe (weapon)
Armour
 b - a +0 scale mail (worn)
 c - a +0 buckler (worn)
Scrolls
 e - a scroll of blinking {unknown}
 f - a scroll of holy word {unknown}
 g - a scroll of acquirement {unknown}
Potions
 d - a potion of might


   Skills:
 + Level 3.9 Fighting
 + Level 2.8 Axes
 + Level 4.1 Armour
 + Level 4.0 Shields


You had one spell level left.
You didn't know any spells.
Your spell library was empty.

Dungeon Overview and Level Annotations

Branches:
Dungeon (2/15)

Altars:
Sif Muna

Shops:
D:1 (


Innate Abilities, Weirdness & Mutations

You have a pair of horns on your head.
You reflexively headbutt those who attack you in melee.


Message History

No target in view!
A gnoll comes into view. It is wielding a +0 spear.
A gnoll comes into view. It is wielding a +0 flail.
The gnoll shouts!
The gnoll moves out of view.
A gnoll is nearby!
There are monsters nearby!
There are monsters nearby!
The gnoll hits you but does no damage.
There are monsters nearby!
You block the gnoll's attack. The gnoll hits you with a +0 flail!
There are monsters nearby!
You barely miss the gnoll. You hit the gnoll but do no damage.
The gnoll hits you but does no damage. The gnoll hits you with a +0 flail.
The gnoll hits you with a +0 spear.
There are monsters nearby!
You are too injured to fight recklessly!
There are monsters nearby!
You are too injured to fight recklessly!
There are monsters nearby!
You are too injured to fight recklessly!
You completely miss the gnoll. You hit the gnoll but do no damage.
The gnoll barely misses you. You furiously retaliate!
You headbutt the gnoll. The gnoll hits you with a +0 spear.
* * * LOW HITPOINT WARNING * * *
You hit the gnoll. Your headbutt misses the gnoll.
The gnoll is lightly wounded.
You closely miss the gnoll. The gnoll hits you with a +0 flail.
* * * LOW HITPOINT WARNING * * *
The gnoll hits you with a +0 spear.
* * * LOW HITPOINT WARNING * * *
The gnoll barely misses you. x2
You hit the gnoll.
The gnoll is heavily wounded.
You hit the gnoll.
A gnoll comes into view. It is wielding a +0 whip.
The gnoll hits you with a +0 flail.
* * * LOW HITPOINT WARNING * * *
The gnoll hits you with a +0 spear.
You die...

#....########
#....#<..../## ##
#....#.####..#..
##...†).#####.#.#
.........†.....#.#
###....#.##......#
#....#....##...#
#.........##.#...#
####.^....##@###....
#.._....#gg# ###
......#.##.#
.......#.. .g .## .#
.# ..


You could see 3 gnolls.

Vanquished Creatures
  3 endoplasms (D:1)
  A giant cockroach (D:1)
  4 hobgoblins (D:1)
  3 ball pythons (D:1)
  3 bats (D:1)
  3 frilled lizards
  3 kobolds
  2 rats
22 creatures vanquished.

Notes
Turn   | Place    | Note
-------+----------+-------------------------------------------
     0 | D:1      | Exodus22XD the Minotaur Fighter began the quest for the
                  | Orb.
     0 | D:1      | Reached XP level 1. HP: 19/19 MP: 0/0
   141 | D:1      | Found Duhenkish's Weapon Shoppe.
   279 | D:1      | Reached XP level 2. HP: 27/27 MP: 1/1
   812 | D:2      | Found a shimmering blue altar of Sif Muna.
   857 | D:2      | Slain by a gnoll

Illustrated notes

Levels and vault maps discovered:
D:1:      minmay_arrival_shoal_huts, layout_loops_ring, serial_shops,
          nicolae_square_shop, chequers_serial_rivers_large_a
D:2:      layout_rooms, basic_altar, minmay_pentomino_z2

Skill      XL: |  1  2 |
---------------+-------+-----
Armour         | 4 |  4.1
Shields        | 4 |  4.0
Fighting       | |  3.9
Axes           | |  2.8

Action                   || total
-------------------------++-------
Melee: War axe           ||    44
       Headbutt          ||     5
Armor: Scale mail        ||    19
Dodge: Dodged            ||    26
Block: Buckler           ||    12
